 Dungeon Crawl Stone Soup version 0.27-a0-216-g1fbed8a51c (webtiles) character file.

Game seed: 15225132845896713664

5 vurker the Sneak (level 1, 0/13 HPs)
             Began as a Gnoll Enchanter on Jan 31, 2021.
             Slain by a rat (2 damage)
             ... on level 1 of the Dungeon.
             The game lasted 00:00:20 (96 turns).

vurker the Sneak (Gnoll Enchanter)                    Turns: 96, Time: 00:00:21

Health: 0/13       AC:  5    Str:  7    XL:     1   Next: 80%
Magic:  6/6        EV: 11    Int: 14    God:
Gold:   10         SH:  0    Dex: 12    Spells: 8/9 levels left

rFire    . . .     SeeInvis .   b - +0 short sword
rCold    . . .     Faith    .   (no shield)
rNeg     . . .     Spirit   .   c - +0 ring mail
rPois    .         Reflect  .   (no helmet)
rElec    .         Harm     .   (no cloak)
rCorr    .         Rampage  .   (no gloves)
Will     .....                  (no boots)
Stlth    ++........             (no amulet)
HPRegen  0.04/turn              (no ring)
MPRegen  0.10/turn              (no ring)

@: no status effects
A: distributed training, fangs 1, strong nose
a: no special abilities


You were on level 1 of the Dungeon.
You visited 1 branch of the dungeon, and saw 1 of its levels.

You collected 10 gold pieces.

Inventory:

Hand Weapons
 b - a +0 short sword (weapon)
   (You found it on level 1 of the Dungeon)
Armour
 c - a +0 ring mail (worn)
   (You found it on level 1 of the Dungeon)
Scrolls
 a - a scroll of blinking {unknown}


   Skills:
 + Level 0.1 Fighting
 + Level 2.4 Short Blades
 + Level 0.1 Long Blades
 + Level 0.1 Axes
 + Level 0.1 Maces & Flails
 + Level 0.1 Polearms
 + Level 0.1 Staves
 + Level 0.1 Slings
 + Level 0.1 Bows
 + Level 0.1 Crossbows
 + Level 0.1 Throwing
 + Level 0.1 Armour
 + Level 4.4 Dodging
 + Level 5.9 Stealth
 + Level 0.1 Shields
 + Level 0.1 Unarmed Combat
 + Level 4.9 Spellcasting
 + Level 0.1 Conjurations
 + Level 5.3 Hexes
 + Level 0.1 Summonings
 + Level 0.1 Necromancy
 + Level 0.1 Translocations
 + Level 0.1 Transmutations
 + Level 0.1 Fire Magic
 + Level 0.1 Ice Magic
 + Level 0.1 Air Magic
 + Level 0.1 Earth Magic
 + Level 0.1 Poison Magic
 + Level 0.2 Invocations
 + Level 0.1 Evocations


You had 8 spell levels left.
You knew the following spells:

 Your Spells              Type           Power        Failure   Level
a - Corona                Hex            20%          7%          1

Your spell library contained the following spells:

 Spells                   Type           Power        Failure   Level
 Confusing Touch          Hex            18%          22%         3
 Tukima's Dance           Hex            18%          22%         3
 Ensorcelled Hibernation  Hex/Ice        22%          30%         2
 Dazzling Flash           Conj/Hex       22%          52%         3


Dungeon Overview and Level Annotations

Branches:
Dungeon (1/15)

Altars:


Innate Abilities, Weirdness & Mutations

Your experience applies equally to all skills.
You have very sharp teeth.
Your uncanny sense of smell can sniff out nearby items.


Message History

The kobold barely misses you.
You barely miss the kobold. The bat completely misses you.
The kobold hits you with a +0 dagger.
You hit the kobold. You bite the kobold, but do no damage.
The bat barely misses you. The kobold closely misses you.
You hit the kobold.
You kill the kobold!
The bat closely misses you. The rat bites you but does no damage.
You closely miss the rat. You bite the rat, but do no damage.
The bat hits you but does no damage. The rat bites you but does no damage.
A rat comes into view.
You closely miss the goblin. The bat hits you but does no damage.
The rat barely misses you. The rat closely misses you. The goblin hits you.
You hit the goblin. The bat hits you but does no damage.
The rat bites you but does no damage. The rat closely misses you.
The goblin hits you but does no damage.
You closely miss the goblin. The bat hits you but does no damage.
The bat barely misses you. The rat barely misses you.
The rat twitches its whiskers.
The rat closely misses you. The goblin closely misses you.
The kobold shouts!
You hit the goblin.
You kill the goblin!
The bat hits you but does no damage. The rat bites you but does no damage.
The rat bites you.
You hit the rat.
You kill the rat!
The bat hits you but does no damage. The rat barely misses you.
You hit the rat. You bite the rat, but do no damage. The bat barely misses you.
The rat bites you but does no damage.
You closely miss the rat. The rat misses you.
Your ring mail prevents you from hitting the rat.
The bat closely misses you. x2; The rat barely misses you.
The bat hits you.
* * * LOW HITPOINT WARNING * * *
The rat bites you.
* * * LOW HITPOINT WARNING * * *
The bat hits you but does no damage.
You see here a +0 dagger.
There is an open door here.
The kobold misses you.
You closely miss the kobold. The kobold misses you.
You hit the kobold.
You kill the kobold!
You closely miss the rat. The rat bites you.
* * * LOW HITPOINT WARNING * * *
You barely miss the rat. The rat closely misses you.
You barely miss the rat. The rat closely misses you.
You hit the rat but do no damage. The rat bites you.
You die...

#M#.#c#
###.###
#e#.#x#
###.###
#O#.#p#
###.### ∆
#h#.#B#
###.### #
#9#@#V#
#.###r### .
#.?.#b## ...
##...†#...#
#........#
#...)....#
#...........
#...........
#.....$...r.


You could see a vampire, a gargoyle, a bat and a rat.

Vanquished Creatures
  2 goblins (D:1)
  2 kobolds (D:1)
  A rat (D:1)
5 creatures vanquished.

Notes
Turn   | Place    | Note
-------+----------+-------------------------------------------
     0 | D:1      | vurker the Gnoll Enchanter began the quest for the Orb.
     0 | D:1      | Reached XP level 1. HP: 13/13 MP: 6/6
     2 | D:1      | Noticed a draconian
     4 | D:1      | Noticed a dwarf
     4 | D:1      | Noticed a tengu
     6 | D:1      | Noticed a troll
     6 | D:1      | Noticed a halfling
     8 | D:1      | Noticed a human
    10 | D:1      | Noticed a merfolk
    10 | D:1      | Noticed a minotaur
    12 | D:1      | Noticed a naga
    14 | D:1      | Noticed a ghoul
    14 | D:1      | Noticed a demonspawn
    16 | D:1      | Noticed a spriggan
    16 | D:1      | Noticed a vine stalker
    48 | D:1      | Noticed a centaur
    51 | D:1      | Noticed an elf
    51 | D:1      | Noticed an octopode
    53 | D:1      | Noticed an ogre
    53 | D:1      | Noticed a demigod
    55 | D:1      | Noticed a felid
    55 | D:1      | Noticed a formicid
    57 | D:1      | Noticed a gargoyle
    57 | D:1      | Noticed a vampire
    96 | D:1      | Slain by a rat

Illustrated notes

Levels and vault maps discovered:
D:1:      kb_arrival_jail, layout_basic, serial_bayou_crossing

Action                   || total
-------------------------++-------
Melee: Short sword       ||    25
       Bite              ||     4
Armor: Ring mail         ||    14
Dodge: Dodged            ||    26

Table legend: (Time is in decaauts)
 A = Elapsed time spent in this place.
 B = Non-inter-level travel time spent in this place.
 C = Inter-level travel time spent in this place.
 D = Time resting spent in this place.
 E = Time spent auto-exploring this place.
 F = Levels seen in this place.
 G = Mean time per level.
                   A        B        C        D        E       F      G
               +--------+--------+--------+--------+--------+-----+--------+
         Total |     95 |     95 |      0 |      0 |     35 |   1 |   95.0 |
       Dungeon |     95 |     95 |      0 |      0 |     35 |   1 |   95.0 |
               +--------+--------+--------+--------+--------+-----+--------+

Top non-repeatable levels by time:
     D:1: 95 daAuts
